 Dungeon Crawl Stone Soup version 0.24-a0-446-g87df720 (webtiles) character file.

Game seed: 6262981142505674381

71137 r3xj the Thaumaturge (level 15, -3/115 HPs)
             Began as a Gnoll Air Elementalist on June 23, 2019.
             Was a High Priest of Sif Muna.
             Killed by the raging water
             ... invoked by a water nymph
              (22 damage)
             ... on level 1 of the Shoals.
             The game lasted 03:39:45 (39936 turns).

r3xj the Thaumaturge (Gnoll Air Elementalist)      Turns: 39936, Time: 03:39:46

Health: -3/115     AC: 24    Str: 20    XL:     15   Next: 35%
Magic:  35/38      EV: 19    Int: 22    God:    Sif Muna [*****.]
Gold:   2245       SH:  4    Dex: 15    Spells: 4/35 levels left

rFire    + . .     SeeInvis +   a - +5 dagger "Zotev" {drain, rElec rF+ Str+5}
rCold    . . .     Gourm    .   (no shield)
rNeg     + . .     Faith    .   l - +3 troll leather armour {Snorg}
rPois    .         Spirit   .   s - +2 helmet {SInv}
rElec    +         Reflect  +   k - +2 cloak {MR+}
rCorr    .         Harm     .   L - +1 pair of gloves
MR       ++...                  i - +0 pair of boots
Stlth    ++........             M - amulet "Fiyg" {Reflect rElec rN+ Str+2 SH+4}
HPRegen  0.69/turn              K - +5 ring of protection
MPRegen  0.26/turn              V - ring of magical power

@: studying Short Blades, very slow
A: distributed training, fangs 1, strong nose
a: Divine Energy, Channel Magic, Forget Spell, Renounce Religion


You were on level 1 of the Shoals.
You worshipped Sif Muna.
Sif Muna was extremely pleased with you.
You were not hungry.

You visited 5 branches of the dungeon, and saw 22 of its levels.
You also visited: Sewer, Ossuary, Gauntlet and Ice Cave.

You collected 2887 gold pieces.
You spent 642 gold pieces at shops.

Inventory:

Hand Weapons
 a - the +5 dagger "Zotev" (weapon) {drain, rElec rF+ Str+5}
   (You took it off a big kobold on level 6 of the Dungeon)

   A truly terrible weapon, it drains the life of those it strikes.
   It affects your strength (+5).
   It protects you from fire.
   It insulates you from electricity.
 B - the +0 arbalest of Havoc {venom, rPois rF+}
   (You found it in a Gauntlet)

   It poisons the ammo it fires.
   It protects you from fire.
   It protects you from poison.
Missiles
 v - 125 poisoned darts
 A - 79 bolts
 O - 11 curare-tipped darts (quivered)
Armour
 i - a +0 pair of boots (worn)
 k - a +2 cloak of magic resistance (worn)
 l - a +3 troll leather armour (worn) {Snorg}
 s - a +2 helmet of see invisible (worn)
 L - a +1 pair of gloves (worn)
Magical Staves
 b - an uncursed staff of wizardry
 j - an uncursed staff of air
 T - an uncursed staff of energy
Jewellery
 g - an uncursed ring of protection from fire
 p - an uncursed ring of stealth {unknown}
 K - a +5 ring of protection (left hand)
 M - the amulet "Fiyg" (around neck) {Reflect rElec rN+ Str+2 SH+4}
   (You bought it in a shop on level 2 of the Orcish Mines)

   [amulet of reflection]

   It shields you and reflects attacks.
   It affects your strength (+2).
   It insulates you from electricity.
   It protects you from negative energy.
   It affects your SH (+4).
 S - an uncursed ring of resist corrosion
 V - a ring of magical power (right hand)
Wands
 q - a wand of iceblast (17)
 C - a wand of flame (32)
 E - a wand of scattershot (19)
 H - a wand of disintegration (25)
 P - a wand of acid (9)
 R - a wand of paralysis (16)
 U - a wand of polymorph (21)
 W - a wand of enslavement (11)
Scrolls
 f - 3 scrolls of fog
 n - 8 scrolls of remove curse
 o - 7 scrolls of teleportation
 r - 5 scrolls of fear
 I - 2 scrolls of amnesia
 J - a scroll of blinking
 N - 2 scrolls of enchant weapon
 Y - 2 scrolls of brand weapon
Potions
 h - a potion of resistance
 m - 4 potions of brilliance
 t - a potion of cancellation
 u - 8 potions of flight
 w - 7 potions of curing
 x - 2 potions of ambrosia
 F - a potion of might
 Q - 6 potions of haste
Books
 D - a manual of Short Blades
Miscellaneous
 e - a box of beasts
 X - a fan of gales
 Z - a phantom mirror
Comestibles
 c - 27 rations
 d - a chunk of flesh


   Skills:
 + Level 9.8 Fighting
 + Level 10.7 Short Blades
 + Level 9.8 Long Blades
 + Level 9.8 Axes
 + Level 9.8 Maces & Flails
 + Level 9.8 Polearms
 + Level 9.8 Staves
 + Level 9.8 Slings
 + Level 9.8 Bows
 + Level 9.8 Crossbows
 + Level 9.8 Throwing
 + Level 9.8 Armour
 + Level 10.8 Dodging
 + Level 10.6 Stealth
 + Level 9.8 Shields
 + Level 9.8 Unarmed Combat
 + Level 10.9 Spellcasting
 + Level 8.6 Conjurations
 + Level 8.2 Hexes
 + Level 8.2 Charms
 + Level 8.2 Summonings
 + Level 8.2 Necromancy
 + Level 8.2 Translocations
 + Level 8.2 Transmutations
 + Level 8.2 Fire Magic
 + Level 8.2 Ice Magic
 + Level 9.9 Air Magic
 + Level 8.2 Earth Magic
 + Level 8.2 Poison Magic
 + Level 10.6 Invocations
 + Level 9.8 Evocations


You had 4 spell levels left.
You knew the following spells:

 Your Spells              Type           Power        Failure   Level  Hunger
a - Shock                 Conj/Air       ####         1%          1    None
b - Swiftness             Chrm/Air       ######..     1%          2    None
c - Static Discharge      Conj/Air       ######..     1%          3    None
d - Airstrike             Air            ######....   1%          4    #......
e - Lightning Bolt        Conj/Air       ######....   3%          5    ####...
f - Call Imp              Summ           #####...     1%          2    None
g - Summon Mana Viper     Hex/Summ       #####...     5%          5    ####...
h - Sticks to Snakes      Tmut           #####...     1%          2    None
i - Conjure Flame         Conj/Fire      #####...     1%          3    None
j - Sticky Flame          Conj/Fire      #####...     1%          4    #......

Your spell library contained the following spells:

 Spells                   Type           Power        Failure   Level  Hunger
 Beastly Appendage        Tmut           #####.       1%          1    None
 Confusing Touch          Hex            #####.       1%          1    None
 Throw Flame              Conj/Fire      #####.       1%          2    None
 Confuse                  Hex            #####...     1%          3    None
 Gell's Gravitas          Tloc           #####.....   1%          3    None
 Recall                   Summ/Tloc      N/A          1%          3    None
 Spider Form              Tmut/Pois      #####.....   1%          3    None
 Cause Fear               Hex            #####.....   1%          4    #......
 Ice Form                 Ice/Tmut       #####...     1%          4    #......
 Petrify                  Tmut/Erth      #####...     1%          4    #......
 Silence                  Hex/Air        ######....   4%          5    ####...
 Aura of Abjuration       Summ           #####.....   5%          5    ####...
 Blade Hands              Tmut           #####.....   5%          5    ####...
 Fireball                 Conj/Fire      #####.....   5%          5    ####...
 Metabolic Englaciation   Hex/Ice        #####.....   5%          5    ####...
 Summon Demon             Summ           #####.....   5%          5    ####...
 Summon Forest            Summ/Tloc      #####.....   5%          5    ####...
 Yara's Violent Unravell  Hex/Tmut       #####.....   5%          5    ####...
 Deflect Missiles         Chrm/Air       ######....   22%         6    ######.
 Poison Arrow             Conj/Pois      #####.....   28%         6    ######.
 Shadow Creatures         Summ           N/A          30%         6    ######.
 Chain Lightning          Conj/Air       ######....   100%        8    #######
 Discord                  Hex            #####.....   100%        8    #######
 Lehudib's Crystal Spear  Conj/Erth      #####.....   100%        8    #######
 Dragon's Call            Summ           #####.....   100%        9    #######
 Fire Storm               Conj/Fire      #####.....   100%        9    #######
 Glaciate                 Conj/Ice       #####.....   100%        9    #######


Dungeon Overview and Level Annotations

Branches:
Dungeon (12/15)            Temple (1/1) D:4            Lair (6/6) D:9
 Shoals (1/4) Lair:3       Spider (0/4) Lair:3        Slime (0/5) Lair:6
    Orc (2/2) D:12            Elf (0/3) Orc:2

Altars:
Ashenzari
Cheibriados
Dithmenos
Elyvilon
Fedhas
Gozag
Hepliaklqana
Kikubaaqudgha
Makhleb
Nemelex Xobeh
Okawaru
Qazlal
Ru
Sif Muna
Trog
Uskayaw
Vehumet
Wu Jian
Xom
Yredelemnul
Zin
The Shining One

Shops:
D:4 %   Orc:2 [=!*

Annotations:
D:10 exclusion: downstairs
D:11 exclusion: hydra
Orc:2 exclusion: upstairs


Innate Abilities, Weirdness & Mutations

Your experience applies equally to all skills.
You have very sharp teeth.
Your uncanny sense of smell can sniff out nearby items.


Message History

Splash!
You fall into the shallow water.
Moving in this stuff is going to be slow.
Splash!
You fall into the shallow water.
Moving in this stuff is going to be slow.
The merfolk throws a boomerang.
The boomerang closely misses your mana viper.
The boomerang hits the water nymph!
The weapon returns to the merfolk!
The water nymph touches you. The water nymph drowns you!
* * * LOW HITPOINT WARNING * * *
Your mana viper misses the water nymph.
The merfolk throws a boomerang.
The boomerang barely misses your mana viper.
The boomerang hits the water nymph!!
The weapon returns to the merfolk!
Your mana viper bites the water nymph but does no damage.
The merfolk throws a boomerang.
The boomerang hits your mana viper!
The weapon returns to the merfolk!
The water nymph points at you and mumbles some strange words.
The water swirls and strikes you!
You die...

∆ .... ..≈ ..≈≈≈ ..≈≈..
##≈≈≈≈≈≈..≈ ..≈≈≈.
#.≈≈≈≈≈≈..≈≈ #.≈≈≈.
##.≈≈≈≈≈≈...≈≈≈.≈
#.≈≈≈.####.≈≈≈≈≈≈≈..≈≈≈≈≈≈
#.≈≈≈..##<≈≈≈≈≈≈≈≈≈.≈≈≈≈≈≈
#≈≈≈≈≈≈≈≈≈≈≈≈≈≈≈≈≈≈..≈≈≈≈≈
##.≈≈≈≈≈≈≈@≈≈≈≈≈≈≈≈...≈≈≈≈≈
...≈≈≈≈..≈mS≈≈[≈≈.##...≈≈≈≈
≈≈≈≈≈≈...≈≈≈≈≈≈≈...##...≈≈≈
≈≈≈≈≈≈...≈≈≈≈÷≈≈...........
≈≈≈≈≈......≈≈≈≈≈≈≈.....^≈.#
≈≈≈≈..###..≈≈≈≈≈≈m[>...≈..#
...≈.. #...≈≈≈≈≈.......≈##
#...# #....≈≈≈≈...........
##.# #....≈≈≈≈≈≈.....≈...


You could see a merfolk, a water nymph and a friendly mana viper.

Vanquished Creatures
  A minotaur (Gauntlet)
  The ghost of Chalrif the Grappler, a journeyman TrBe of Trog (Lair:1)
  Snorg (Lair:4)
  Fannar (Lair:1)
  4 hydras
  4 two-headed ogres
  An ogre mage (Orc:1)
  Erica (D:11)
  A centaur warrior (Orc:2)
  5 death yaks
  A hell hog (Gauntlet)
  Urug (Lair:3)
  A sixfirhy (Gauntlet)
  2 unseen horrors
  The ghost of davenfal the Slicer, a novice KoFi of Ru (D:6)
  Pikel (D:4)
  An ugly thing (D:12)
  An orc sorcerer (Orc:2)
  A manticore (Shoals:1)
  A cyclops (D:12)
  A moth of wrath (Gauntlet)
  2 centaur zombies
  Maurice (D:8)
  4 elephants
  3 black mambas
  A water nymph (Shoals:1)
  2 gargoyles
  13 spiny frogs
  A torpor snail (Lair:1)
  2 rime drakes
  2 kobold demonologists
  9 komodo dragons
  12 polar bears
  4 trolls
  8 blink frogs
  A hornet (Lair:6)
  Prince Ribbit (D:6)
  6 dream sheep (Lair:4)
  A meliai zombie (D:10)
  10 hippogriffs
  A water elemental (Shoals:1)
  A spriggan (D:7)
  3 redbacks
  8 wyverns
  43 yaks
  4 hungry ghosts
  2 fire bats (Gauntlet)
  4 basilisks
  Menkaure (D:7)
  15 water moccasins
  Duvessa (D:7)
  9 porcupines
  A hell hound (Gauntlet)
  33 orc warriors
  2 black bears
  3 ice beasts
  A phantom (D:7)
  3 sky beasts
  2 slaves
  11 ogres
  A necrophage (D:12)
  11 wolves
  10 crocodiles
  23 big kobolds
  11 centaurs
  A gnoll sergeant (D:9)
  12 bullfrogs
  Dowan (D:7)
  2 scorpions
  10 killer bees
  An electric eel (Lair:4)
  3 howler monkeys
  4 crimson imps
  2 quasits
  8 hounds
  18 orc wizards
  4 jellies
  15 orc priests
  2 centaur skeletons
  3 iguanas
  2 bullfrog skeletons
  5 gnoll shamans
  Jessica (D:3)
  A merfolk siren (Sewer)
  A merfolk avatar (Sewer)
  A statue (D:9)
  4 worker ants
  A killer bee zombie (D:9)
  A hound zombie (D:10)
  4 mummies (Ossuary)
  A worker ant zombie (D:7)
  A howler monkey zombie (D:10)
  17 gnolls
  11 adders
  A river rat (Sewer)
  2 shadow imps
  3 ufetubi (Gauntlet)
  An ooze (D:2)
  An adder skeleton (D:4)
  An adder zombie (Ossuary)
  2 worms
  4 dart slugs
  12 leopard geckos
  79 orcs
  4 ball pythons
  7 giant cockroaches
  2 gnoll zombies (Ossuary)
  8 goblins
  14 hobgoblins
  9 jackals
  37 kobolds
  7 quokkas
  3 bats (D:1)
  8 frilled lizards
  3 goblin zombies (Ossuary)
  A hobgoblin zombie (Ossuary)
  A jackal zombie (Ossuary)
  A kobold zombie (Ossuary)
  A leopard gecko skeleton (D:8)
  A leopard gecko zombie (D:7)
  2 orc zombies (Ossuary)
  2 quokka skeletons
  34 rats
  A rat zombie (Ossuary)
  A demonic plant (Gauntlet)
  A fungus (Lair:6)
  A plant (Lair:5)
711 creatures vanquished.

Vanquished Creatures (collateral kills)
  A frost giant (IceCv)
  2 hydras
  5 death yaks
  A wolf spider (Lair:6)
  3 elephants (Lair:6)
  3 spiny frogs
  A guardian serpent (Lair:6)
  2 black mambas (Lair:6)
  3 blink frogs
  7 polar bears
  A hornet (Lair:5)
  A redback (Lair:6)
  2 wyverns
  6 yaks
  8 water moccasins
  9 wolves (IceCv)
  3 crocodiles
  A bullfrog (Lair:5)
  A fungus (Lair:6)
  3 plants
63 creatures vanquished.

Vanquished Creatures (others)
  3 polar bears (IceCv)
  A wolf (IceCv)
  4 demonic plants (Gauntlet)
  20 fungi
  36 plants
64 creatures vanquished.

Grand Total: 838 creatures vanquished

Notes
Turn   | Place    | Note
-------+----------+-------------------------------------------
     0 | D:1      | r3xj the Gnoll Air Elementalist began the quest for the
                  | Orb.
     0 | D:1      | Reached XP level 1. HP: 13/13 MP: 6/6
   380 | D:1      | Reached XP level 2. HP: 19/19 MP: 5/7
   989 | D:2      | Reached skill level 5 in Spellcasting
   989 | D:2      | Reached XP level 3. HP: 25/25 MP: 5/9
  1174 | D:2      | Reached skill level 1 in Invocations
  1279 | D:2      | Found a hide-covered altar of Uskayaw.
  1298 | D:2      | Found a faded altar of an unknown god.
  1614 | D:2      | Reached skill level 1 in Fighting
  1614 | D:2      | Reached skill level 1 in Short Blades
  1614 | D:2      | Reached skill level 1 in Long Blades
  1614 | D:2      | Reached skill level 1 in Axes
  1614 | D:2      | Reached skill level 1 in Maces & Flails
  1614 | D:2      | Reached skill level 1 in Polearms
  1614 | D:2      | Reached skill level 1 in Staves
  1614 | D:2      | Reached skill level 1 in Slings
  1614 | D:2      | Reached skill level 1 in Bows
  1614 | D:2      | Reached skill level 1 in Crossbows
  1614 | D:2      | Reached skill level 1 in Throwing
  1614 | D:2      | Reached skill level 1 in Armour
  1614 | D:2      | Reached skill level 1 in Shields
  1614 | D:2      | Reached skill level 1 in Unarmed Combat
  1614 | D:2      | Reached skill level 1 in Evocations
  1692 | D:2      | Reached XP level 4. HP: 32/32 MP: 7/11
  2377 | D:3      | Reached skill level 1 in Hexes
  2377 | D:3      | Reached skill level 1 in Charms
  2377 | D:3      | Reached skill level 1 in Summonings
  2377 | D:3      | Reached skill level 1 in Necromancy
  2377 | D:3      | Reached skill level 1 in Translocations
  2377 | D:3      | Reached skill level 1 in Transmutations
  2377 | D:3      | Reached skill level 1 in Fire Magic
  2377 | D:3      | Reached skill level 1 in Ice Magic
  2377 | D:3      | Reached skill level 1 in Earth Magic
  2377 | D:3      | Reached skill level 1 in Poison Magic
  2379 | D:3      | Reached XP level 5. HP: 37/37 MP: 5/12
  2559 | D:3      | Noticed Jessica
  2562 | D:3      | Killed Jessica
  3044 | D:3      | Found a shimmering altar of Xom.
  3094 | D:4      | Learned a level 2 spell: Swiftness
  3098 | D:4      | Learned a level 3 spell: Static Discharge
  3157 | D:4      | Found Diyheusyrph's Food Emporium.
  3262 | D:4      | Reached XP level 6. HP: 44/44 MP: 5/13
  3322 | D:4      | Found a staircase to the Ecumenical Temple.
  3459 | Temple   | Entered the Ecumenical Temple
  4058 | D:4      | Reached skill level 5 in Dodging
  4471 | D:5      | Entered Level 5 of the Dungeon
  4509 | D:5      | Reached XP level 7. HP: 39/50 MP: 2/15
  5322 | D:6      | Noticed Pikel
  5353 | D:6      | Found a sand-covered staircase.
  5361 | Ossuary  | Entered an ossuary
  5714 | D:6      | Reached skill level 5 in Stealth
  5788 | D:6      | Noticed Prince Ribbit
  5814 | D:6      | Killed Prince Ribbit
  5814 | D:6      | Reached XP level 8. HP: 30/58 MP: 2/16
  5896 | D:6      | Found a glowing drain.
  5910 | Sewer    | Entered a sewer
  6639 | D:6      | Found a runed translucent gate.
  6639 | D:6      | Found a runed translucent gate.
  6639 | D:6      | Found a runed translucent gate.
  6640 | D:6      | Identified the +5 dagger "Zotev" {drain, rElec rF+ Str+5}
  6641 | D:6      | Noticed davenfal's ghost (novice KoFi)
  7079 | D:4      | Learned a level 4 spell: Airstrike
  7090 | D:4      | Killed Pikel
  7327 | D:7      | Reached XP level 9. HP: 65/65 MP: 12/18
  7342 | D:7      | Noticed Duvessa
  7345 | D:7      | Noticed Dowan
  7351 | D:7      | Killed Duvessa
  7354 | D:7      | Killed Dowan
  7388 | D:7      | Noticed Menkaure
  7395 | D:7      | Killed Menkaure
  7508 | D:7      | Found a glowing golden altar of the Shining One.
  7860 | D:7      | Found a deep blue altar of Sif Muna.
  8688 | D:7      | Became a worshipper of Sif Muna the Loreminder
  8895 | D:8      | Noticed Maurice
  9221 | D:8      | Reached skill level 5 in Invocations
  9633 | D:8      | Noticed a kobold demonologist
  9651 | D:7      | Killed a kobold demonologist
  9651 | D:7      | Reached XP level 10. HP: 70/73 MP: 8/20
  9781 | D:8      | Reached * piety under Sif Muna
  9835 | D:8      | Found a burning altar of Makhleb.
 10084 | D:8      | Killed Maurice
 10084 | D:8      | Reached skill level 5 in Fighting
 10084 | D:8      | Reached skill level 5 in Short Blades
 10084 | D:8      | Reached skill level 5 in Long Blades
 10084 | D:8      | Reached skill level 5 in Axes
 10084 | D:8      | Reached skill level 5 in Maces & Flails
 10084 | D:8      | Reached skill level 5 in Polearms
 10084 | D:8      | Reached skill level 5 in Staves
 10084 | D:8      | Reached skill level 5 in Slings
 10084 | D:8      | Reached skill level 5 in Bows
 10084 | D:8      | Reached skill level 5 in Crossbows
 10084 | D:8      | Reached skill level 5 in Throwing
 10084 | D:8      | Reached skill level 5 in Armour
 10084 | D:8      | Reached skill level 5 in Shields
 10084 | D:8      | Reached skill level 5 in Unarmed Combat
 10084 | D:8      | Reached skill level 5 in Evocations
 10491 | D:8      | Found a bloodstained altar of Trog.
 11359 | D:9      | Found a radiant altar of Vehumet.
 11372 | D:9      | Found a glowing silver altar of Zin.
 11650 | D:9      | Found a burning altar of Makhleb.
 11682 | D:9      | Reached skill level 5 in Conjurations
 11830 | D:9      | Found a staircase to the Lair.
 12029 | D:9      | Killed an unseen horror
 12262 | D:9      | Found a snail-covered altar of Cheibriados.
 12402 | D:9      | Reached ** piety under Sif Muna
 12420 | D:9      | Reached XP level 11. HP: 81/81 MP: 5/22
 13236 | D:10     | Entered Level 10 of the Dungeon
 13275 | D:10     | Noticed an unseen horror
 13290 | D:10     | Killed an unseen horror
 13662 | D:10     | Reached skill level 5 in Hexes
 13662 | D:10     | Reached skill level 5 in Charms
 13662 | D:10     | Reached skill level 5 in Summonings
 13662 | D:10     | Reached skill level 5 in Necromancy
 13662 | D:10     | Reached skill level 5 in Translocations
 13662 | D:10     | Reached skill level 5 in Transmutations
 13662 | D:10     | Reached skill level 5 in Fire Magic
 13662 | D:10     | Reached skill level 5 in Ice Magic
 13662 | D:10     | Reached skill level 5 in Earth Magic
 13662 | D:10     | Reached skill level 5 in Poison Magic
 14488 | D:11     | Noticed a five-headed hydra
 14497 | D:11     | Killed a five-headed hydra
 14777 | D:11     | Noticed a six-headed hydra
 15077 | D:11     | Reached *** piety under Sif Muna
 15483 | D:11     | Noticed Erica
 15863 | D:11     | Killed a six-headed hydra
 15863 | D:11     | Reached XP level 12. HP: 89/89 MP: 2/24
 16629 | D:11     | Killed Erica
 17479 | D:12     | Reached **** piety under Sif Muna
 17527 | D:12     | Found a staircase to the Orcish Mines.
 19026 | Lair:1   | Entered Level 1 of the Lair of Beasts
 19439 | Lair:1   | Learned a level 5 spell: Lightning Bolt
 19552 | Lair:1   | Found a runed translucent gate.
 19747 | Lair:1   | Noticed Chalrif's ghost (journeyman TrBe)
 19752 | Lair:1   | Found a runed translucent gate.
 19752 | Lair:1   | Found a runed translucent gate.
 20737 | Lair:1   | Noticed Fannar
 20820 | Lair:1   | Killed Fannar
 21240 | Lair:2   | Noticed a death yak
 21450 | Orc:1    | Entered Level 1 of the Orcish Mines
 22214 | D:12     | Found a staircase to the Orcish Mines.
 22995 | Orc:1    | Reached XP level 13. HP: 98/98 MP: 18/26
 24414 | Orc:2    | Entered Level 2 of the Orcish Mines
 24414 | Orc:2    | Found a staircase to the Elven Halls.
 27487 | Orc:2    | Found Guaxapt's Jewellery Shoppe.
 27487 | Orc:2    | Found Hoges's Distillery.
 27489 | Orc:2    | Found Tycyp's General Store.
 27491 | Orc:2    | Found Bohav's Antique Armour Emporium.
 27579 | Orc:2    | Bought the amulet "Fiyg" {Reflect rElec rN+ Str+2 SH+4} for
                  | 642 gold pieces
 29613 | Lair:3   | Identified 2 scrolls of acquirement
 29932 | Lair:3   | Found a gate leading to a gauntlet.
 29941 | Gauntlet | Entered a Gauntlet
 29941 | Gauntlet | Found a transporter.
 29941 | Gauntlet | Found a transporter.
 29957 | Gauntlet | Found a transporter.
 29961 | Gauntlet | Found a transporter.
 29971 | Gauntlet | Found a transporter.
 29975 | Gauntlet | Found a transporter.
 29991 | Gauntlet | Found a transporter.
 30006 | Gauntlet | Found a transporter.
 30006 | Gauntlet | Noticed a green death
 30011 | Gauntlet | Found a transporter.
 30031 | Gauntlet | Found a transporter.
 30059 | Gauntlet | Found a transporter.
 30075 | Gauntlet | Found a transporter.
 30505 | Gauntlet | Got a faintly glowing arbalest
 30506 | Gauntlet | Identified the cursed +0 arbalest of Havoc {venom, rPois
                  | rF+} (You found it in a Gauntlet)
 30610 | Gauntlet | Noticed a minotaur
 30616 | Gauntlet | Killed a minotaur
 30616 | Gauntlet | Reached ***** piety under Sif Muna
 30899 | Lair:3   | Reached skill level 10 in Spellcasting
 31045 | Lair:3   | Reached XP level 14. HP: 106/106 MP: 2/28
 31383 | Lair:3   | Found a hole to the Spider Nest.
 31489 | Lair:3   | Noticed Urug
 31496 | Lair:3   | Killed Urug
 31814 | Lair:3   | Found a staircase to the Shoals.
 32295 | D:6      | Killed davenfal's ghost
 32887 | Lair:1   | Identified Peman's Incunabulum of Companions (Sif Muna
                  | gifted it to you on level 1 of the Lair of Beasts)
 32887 | Lair:1   | Received a gift from Sif Muna
 32920 | Lair:1   | HP: 4/106 [Chalrif's ghost (32)]
 33028 | Lair:1   | Killed Chalrif's ghost
 33028 | Lair:1   | Reached skill level 10 in Dodging
 33363 | Lair:1   | Learned a level 2 spell: Call Imp
 33369 | Lair:1   | Learned a level 5 spell: Summon Mana Viper
 33883 | Lair:4   | Noticed Snorg
 34049 | Lair:4   | Learned a level 2 spell: Sticks to Snakes
 34615 | Lair:4   | Reached skill level 10 in Stealth
 34829 | Lair:4   | Killed Snorg
 34889 | Lair:4   | Identified the Almanac of the Igneous Compass (You acquired
                  | it on level 4 of the Lair of Beasts)
 34895 | Lair:4   | Learned a level 3 spell: Conjure Flame
 34900 | Lair:4   | Learned a level 4 spell: Sticky Flame
 35356 | Lair:5   | Found a frozen archway.
 35373 | IceCv    | Entered an ice cave
 35932 | IceCv    | Reached skill level 10 in Invocations
 36192 | IceCv    | Noticed a frost giant
 36364 | IceCv    | Killed a frost giant
 36489 | IceCv    | Identified the cursed +0 leather armour of Listlessness
                  | {rF- rN+ Stlth+} (You found it in an ice cave)
 37195 | Lair:6   | Entered Level 6 of the Lair of Beasts
 37345 | Lair:6   | Reached skill level 10 in Short Blades
 37461 | Lair:6   | Found a staircase to the Slime Pits.
 37475 | Lair:6   | Paralysed by a hornet for 2 turns
 37807 | Lair:6   | Reached XP level 15. HP: 99/114 MP: 24/29
 38076 | Lair:6   | Received a gift from Sif Muna
 39201 | Lair:6   | Got a smelly chain mail
 39222 | Lair:6   | Identified the +1 chain mail of Qoziriac {SInv} (You found
                  | it on level 6 of the Lair of Beasts)
 39608 | Shoals:1 | Entered Level 1 of the Shoals
 39936 | Shoals:1 | Killed from afar by a water nymph

Levels and vault maps discovered:
D:1:      lemuel_arrival_room, layout_basic, roderic_lattice_a
D:2:      layout_basic, eat_drink_and_be_merry_uskayaw,
          chequers_ecumenical_altar_simple_redux
D:3:      layout_loops_ring, marbit_many_paths, first_ration, uniq_jessica
D:4:      layout_basic, minmay_temple_entry_wispy, serial_shops, shop,
          serial_bayou_pond_e
D:5:      black_bear_nest_2, layout_basic
D:6:      minmay_skewed_foursquare, layout_rooms, enter_ossuary_1,
          gup_sewer_entry_pipe, gammafunk_ghost_nasty_kobolds,
          kennysheep_windowed_goal, uniq_pikel, uniq_prince_ribbit1
D:7:      layout_loops_ring, tgw_sif, tso_metal_star, the_bakery, uniq_duvessa,
          uniq_menkaure
D:8:      layout_basic, basic_altar, special_room [special_room_kobold],
          trog_book, uniq_maurice
D:9:      kennysheep_housing_project, layout_irregular_city, lemuel_round_altar,
          zin_statuary, vehumet_statue, bloody_makhleb, lair_entry_dummy,
          minmay_fractal_squares_gapless_7
D:10:     layout_loops_cross
D:11:     layout_stronghold, uniq_erica
D:12:     layout_gridville, hiddenorc2_lemuel
Temple:   dpeg_chambers_temple
Lair:1:   layout_chaotic_city, gammafunk_ghost_split, beast_lair_carwin_9,
          serial_bayou_shore_b, uniq_fannar
Lair:2:   layout_cave_pods
Lair:3:   layout_chaotic_city, shoals_dummy_entry, dummy_spider_entry,
          gauntlet_entry_generic, cheibrodos_lair_lostbears, uniq_urug
Lair:4:   layout_cave_pods, nicolae_quartered_pool_medium, minivault_25,
          uniq_snorg
Lair:5:   layout_gridlike, portal_ice_cave_entry_pillars_1, grunt_megastairs_2
Lair:6:   hangedman_lair_tendril_chambers, layout_loops_ring, slime_dummy,
          lemuel_fruit_tree, infiniplex_staircase_pool
Shoals:1: argonaut_golden_fleece, layout_shoals
Orc:1:    layout_caves
Orc:2:    st_orc_rangers, layout_caves

Skill      XL: |  1  2  3  4  5  6  7  8  9 10 11 12 13 14 |
---------------+-------------------------------------------+-----
Conjurations   | 2 3 4 5 6 7 8 |  8.6
Spellcasting   | 5 6 7 8 9 10 | 10.9
Invocations    | 1 2 3 4 5 6 7 8 9 10 | 10.6
Fighting       | 1 2 3 4 5 6 7 8 9 |  9.8
Short Blades   | 1 2 3 4 5 6 7 8 10 | 10.7
Long Blades    | 1 2 3 4 5 6 7 8 9 |  9.8
Axes           | 1 2 3 4 5 6 7 8 9 |  9.8
Maces & Flails | 1 2 3 4 5 6 7 8 9 |  9.8
Polearms       | 1 2 3 4 5 6 7 8 9 |  9.8
Staves         | 1 2 3 4 5 6 7 8 9 |  9.8
Slings         | 1 2 3 4 5 6 7 8 9 |  9.8
Bows           | 1 2 3 4 5 6 7 8 9 |  9.8
Crossbows      | 1 2 3 4 5 6 7 8 9 |  9.8
Throwing       | 1 2 3 4 5 6 7 8 9 |  9.8
Armour         | 1 2 3 4 5 6 7 8 9 |  9.8
Shields        | 1 2 3 4 5 6 7 8 9 |  9.8
Unarmed Combat | 1 2 3 4 5 6 7 8 9 |  9.8
Evocations     | 1 2 3 4 5 6 7 8 9 |  9.8
Hexes          | 1 2 3 4 5 6 7 8 |  8.2
Charms         | 1 2 3 4 5 6 7 8 |  8.2
Summonings     | 1 2 3 4 5 6 7 8 |  8.2
Necromancy     | 1 2 3 4 5 6 7 8 |  8.2
Translocations | 1 2 3 4 5 6 7 8 |  8.2
Transmutations | 1 2 3 4 5 6 7 8 |  8.2
Fire Magic     | 1 2 3 4 5 6 7 8 |  8.2
Ice Magic      | 1 2 3 4 5 6 7 8 |  8.2
Earth Magic    | 1 2 3 4 5 6 7 8 |  8.2
Poison Magic   | 1 2 3 4 5 6 7 8 |  8.2
Dodging        | 5 6 7 8 9 10 | 10.8
Stealth        | 5 6 7 8 9 10 | 10.6
Air Magic      | 6 7 8 9 |  9.9

Action                   |  1- 3 |  4- 6 |  7- 9 | 10-12 | 13-15 || total
-------------------------+-------+-------+-------+-------+-------++-------
Melee: Dagger            |       |     5 |    73 |   168 |   439 ||   685
       Bite              |       |     1 |     5 |    23 |    76 ||   105
       Punch             |       |       |     2 |     4 |    39 ||    45
       Staff             |       |       |       |    26 |    89 ||   115
       Great mace        |       |       |       |       |     4 ||     4
 Fire: Shortbow          |       |       |     2 |       |       ||     2
       Arbalest          |       |       |       |       |   186 ||   186
Throw: Dart              |       |       |       |    69 |    33 ||   102
 Cast: Shock             |    63 |   122 |   297 |   509 |    82 ||  1073
       Static Discharge  |       |       |     4 |       |    13 ||    17
       Swiftness         |       |       |     2 |     4 |       ||     6
       Airstrike         |       |       |    34 |   215 |   358 ||   607
       Lightning Bolt    |       |       |       |    16 |    28 ||    44
       Summon Mana Viper |       |       |       |       |    80 ||    80
       Call Imp          |       |       |       |       |     6 ||     6
Evoke: Wand              |       |       |       |       |     1 ||     1
  Use: Scroll            |       |     1 |     9 |    16 |    25 ||    51
       Potion            |       |       |       |       |     8 ||     8
 Stab: Sleeping          |       |     1 |     2 |     3 |     4 ||    10
       Distracted        |       |       |       |       |     6 ||     6
  Eat: Chunk             |     2 |     9 |    14 |    21 |    59 ||   105
       Ration            |       |       |     2 |    11 |     7 ||    20
Armor: Leather armour    |       |     7 |    83 |   134 |    93 ||   317
       Skin              |       |       |       |     1 |       ||     1
       Troll leather arm |       |       |       |       |   142 ||   142
Dodge: Dodged            |     8 |    16 |   178 |   357 |   678 ||  1237
Block: Other             |       |       |       |       |   133 ||   133
       Reflection        |       |       |       |       |     3 ||     3

Table legend:
 A = Non-vault XP
 B = Vault XP
 C = Vault XP percentage of total XP
 D = Non-vault monster count
 E = Vault monster count
 F = Vault count percentage of total count
                 A         B        C        D         E       F
            +---------+---------+-------+---------+---------+-------
      Total |   63594 |   38031 |  37.4 |     446 |     319 |  41.7
            +---------+---------+-------+---------+---------+-------
        D:1 |      26 |       0 |   0.0 |      15 |       0 |   0.0
        D:2 |      91 |       0 |   0.0 |      26 |       0 |   0.0
        D:3 |      92 |      39 |  29.8 |      21 |       2 |   8.7
        D:4 |     264 |     641 |  70.8 |      13 |       1 |   7.1
        D:5 |     229 |     131 |  36.4 |      10 |       1 |   9.1
        D:6 |     292 |    2185 |  88.2 |       9 |      25 |  73.5
        D:7 |     514 |    1426 |  73.5 |      21 |      13 |  38.2
        D:8 |    1523 |     461 |  23.2 |      21 |       5 |  19.2
        D:9 |    1200 |    2438 |  67.0 |      23 |      39 |  62.9
       D:10 |    2995 |       0 |   0.0 |      31 |       0 |   0.0
       D:11 |    6421 |     902 |  12.3 |      37 |       1 |   2.6
       D:12 |    8346 |     375 |   4.3 |      44 |      32 |  42.1
     Lair:1 |    4897 |    3828 |  43.9 |      18 |      10 |  35.7
     Lair:2 |    2734 |     257 |   8.6 |      12 |       1 |   7.7
     Lair:3 |    3563 |    1520 |  29.9 |       9 |       4 |  30.8
     Lair:4 |    7607 |    1168 |  13.3 |      33 |       1 |   2.9
     Lair:5 |    3896 |    1065 |  21.5 |      18 |       6 |  25.0
     Lair:6 |   13757 |    5825 |  29.7 |      42 |      31 |  42.5
   Shoals:1 |    1184 |       0 |   0.0 |       3 |       0 |   0.0
      Orc:1 |    1718 |     246 |  12.5 |      21 |       2 |   8.7
      Orc:2 |    2245 |    4166 |  65.0 |      19 |      35 |  64.8
      Sewer |       0 |     162 | 100.0 |       0 |      40 | 100.0
    Ossuary |       0 |      89 | 100.0 |       0 |      16 | 100.0
      IceCv |       0 |    6730 | 100.0 |       0 |      40 | 100.0
   Gauntlet |       0 |    4377 | 100.0 |       0 |      14 | 100.0
            +---------+---------+-------+---------+---------+-------
